 Dungeon Crawl Stone Soup version 0.17.0-28-g6e173f8 (webtiles) character file.

12000 ventricule the Grappler (level 11, -4/105 HPs)
             Began as a Troll Summoner on Nov 14, 2015.
             Slain by a six-headed hydra (5 damage)
             ... on level 2 of the Lair of Beasts on Nov 22, 2015.
             The game lasted 00:26:06 (11420 turns).

ventricule the Grappler (Troll Summoner)           Turns: 11420, Time: 00:26:06

Health: -4/105     AC:  9    Str: 20    XL:     11   Next: 56%
Magic:  20/20      EV: 13    Int: 14    God:
Gold:   479        SH:  0    Dex: 13    Spells: 1 memorised, 11 levels left

rFire  . . .     SeeInvis .       - Unarmed
rCold  . . .     Clarity  .     T - +0 robe "Zeri" {Int+3}
rNeg   + . .     SustAt   .     (no shield)
rPois  .         Gourm    +     s - +2 hat
rElec  .         Spirit   .     l - +1 cloak
rCorr  .         Warding  +     (gloves unavailable)
rMut   .         Stasis   .     (boots unavailable)
MR     +....                    Q - amulet of warding
Stlth  ++........               A - ring of magical power
                                P - ring of protection from magic

@: very slightly contaminated, invisible, somewhat resistant to hostile
enchantments, unstealthy
A: unfitting armour, claws 3, fast metabolism 3, gourmand, regeneration 2,
shaggy fur 1, strong 1, tough skin 2
a: no special abilities


You were on level 2 of the Lair of Beasts.
You were full.

You visited 3 branches of the dungeon, and saw 14 of its levels.
You also visited: Ossuary.

You collected 647 gold pieces.
You spent 168 gold pieces at shops.


Innate Abilities, Weirdness & Mutations

You are too large for most types of armour.
You have claws for hands.
Your metabolism is lightning-fast.
You like to eat raw meat.
You heal very quickly.
You are covered in fur (AC +1).
You have very tough skin (AC +2).
Your muscles are strong. (Str +2)


   Skills:
 - Level 5.9 Fighting
 + Level 7.0 Throwing
 + Level 6.4 Dodging
 - Level 1.1 Stealth
 + Level 13.0 Unarmed Combat
 - Level 1.2 Spellcasting
 - Level 2.9 Summonings


You had 11 spell levels left.
You knew the following spells:

 Your Spells              Type           Power        Failure   Level  Hunger
z - Summon Small Mammal   Summ           #...         10%         1    ##.....

Inventory:

Hand Weapons
 U - a cursed -2 blowgun
Missiles
 j - 2 throwing nets {=f}
 H - 7 javelins of penetration (quivered)
 K - 8 curare-tipped needles {=f}
Armour
 a - a +0 robe
 l - a +1 cloak (worn)
 s - a +2 hat (worn)
 G - the +1 robe of Infinity {rC- Dex+3 SInv}

   It affects your dexterity (+3).
   It makes you vulnerable to cold.
   It lets you see invisible.
 T - the +0 robe "Zeri" (worn) {Int+3}

   It affects your intelligence (+3).
Jewellery
 A - a ring of magical power (right claw)
 B - an uncursed ring of ice
 F - an uncursed ring of fire
 P - a ring of protection from magic (left claw)
 Q - an amulet of warding (around neck)
Wands
 v - a wand of fire (13)
 C - a wand of slowing (15)
 I - a wand of digging (19)
 J - a wand of fire (2)
 M - a wand of invisibility (1)
 N - a wand of paralysis (12)
 V - a wand of polymorph (20)
 X - a wand of fire (12)
Scrolls
 d - a scroll of immolation {!r}
 e - 3 scrolls of enchant armour
 g - 3 scrolls of amnesia
 n - 4 scrolls of remove curse
 q - 3 scrolls of teleportation {@r4}
 t - a scroll of magic mapping
 y - 4 scrolls of recharging
 D - a scroll of fog
Potions
 f - 2 potions of curing {@q1}
 h - 2 potions of lignification {!q}
 i - 5 potions of agility
 k - 2 potions of berserk rage {!q}
 m - 3 potions of brilliance
 o - a potion of flight
 p - 2 potions of cancellation
 r - 4 potions of might
 u - a potion of heal wounds {@q2}
 x - a potion of magic
 E - a potion of haste {@q3}
 O - a potion of ambrosia {!q}
 R - a potion of invisibility
 Y - a potion of cure mutation
Books
 b - a book of Callings

   Spells                             Type                      Level
   a - Summon Small Mammal            Summoning                    1
   b - Call Imp                       Summoning                    2
   c - Call Canine Familiar           Summoning                    3
   d - Summon Guardian Golem          Hexes/Summoning              3
   e - Summon Lightning Spire         Summoning/Air                4
   f - Summon Ice Beast               Ice/Summoning                4
 L - a book of Cantrips

   Spells                             Type                      Level
   a - Corona                         Hexes                        1
   b - Animate Skeleton               Necromancy                   1
   c - Summon Small Mammal            Summoning                    1
   d - Apportation                    Translocation                1
 S - a book of the Sky

   Spells                             Type                      Level
   a - Summon Lightning Spire         Summoning/Air                4
   b - Airstrike                      Air                          4
   c - Silence                        Hexes/Air                    5
   d - Deflect Missiles               Charms/Air                   6
   e - Conjure Ball Lightning         Conjuration/Air              6
   f - Tornado                        Air                          9
Comestibles
 c - 13 bread rations
 w - 2 royal jellies
 z - 8 meat rations
 Z - 2 chunks of flesh

Dungeon Overview and Level Annotations

Branches:
Dungeon (11/15)            Temple (1/1) D:5            Lair (2/8) D:8
    Orc: D:9-12

Altars:
Ashenzari
Cheibriados
Dithmenos
Elyvilon
Fedhas
Gozag
Kikubaaqudgha
Makhleb
Nemelex Xobeh
Okawaru
Qazlal
Ru
Sif Muna
Trog
Vehumet
Xom
Yredelemnul
Zin
The Shining One
Lugonu

Shops:
D:7 } D:8

* .▒ .... ▒...▒.▒....▒ ...▒...
.F▒ ... ▒.....≈....▒ .......
.▒.... ▒.....≈..P.▒ ▒▒.. ..▒.▒
▒▒▒▒▒(.▒▒▒≈≈▒▒▒▒▒▒▒▒▒▒▒▒...
.....▒▒..▒....▒≈≈≈≈≈...........▒.
..............▒▒≈≈≈▒▒.▒▒▒▒▒▒..P.▒
................▒▒▒▒........▒▒▒▒▒
▒▒▒P▒..▒▒.▒.▒.D▒.▒...f.P▒▒▒.....
▒▒▒▒▒▒▒▒▒▒.T▒▒▒▒▒▒▒..▒▒▒▒▒▒. ▒▒▒▒
▒▒▒▒ ▒. ▒. ▒. ▒. ▒▒


You could see a six-headed hydra.


Message History

Aim: a six-headed hydra (heavily wounded)
The bolt of fire hits the six-headed hydra.
The six-headed hydra is severely wounded.
This wand has 2 charges left.
The six-headed hydra misses you. The six-headed hydra bites you!
* * * LOW HITPOINT WARNING * * *
The six-headed hydra bites you but does no damage.
The six-headed hydra bites you!
* * * LOW HITPOINT WARNING * * *
The six-headed hydra bites you!!
* * * LOW HITPOINT WARNING * * *
The six-headed hydra barely misses you.
Evoke which item? (* to show all) (? for menu, Esc to quit)
Zapping:
M - a wand of invisibility (2)
You fade into invisibility!
You are very lightly contaminated with residual magic.
This wand has 1 charge left.
Throwing (i - inventory. (,) - cycle):
W - a large rock (quivered)
{=f}
Aim: a six-headed hydra (moderately wounded)
You throw a large rock {=f}.
The large rock {=f} barely misses the six-headed hydra.
The six-headed hydra bites you.
* * * LOW HITPOINT WARNING * * *
The six-headed hydra bites you but does no damage. x2
The six-headed hydra bites you!!
* * * LOW HITPOINT WARNING * * *
The six-headed hydra bites you!
* * * LOW HITPOINT WARNING * * *
The six-headed hydra bites you.
You die...

Action                   |  1- 3 |  4- 6 |  7- 9 | 10-12 || total
-------------------------+-------+-------+-------+-------++-------
Melee: Unarmed           |    84 |   240 |   361 |   412 ||  1097
Throw: Javelin           |       |       |       |     3 ||     3
       Large rock        |       |       |       |     5 ||     5
Evoke: Wand              |       |       |       |     2 ||     2
  Use: Scroll            |       |    13 |    10 |     8 ||    31
       Potion            |       |       |       |     3 ||     3
 Stab: Sleeping          |     1 |     4 |     2 |     1 ||     8
  Eat: Chunk             |    14 |    13 |    40 |    43 ||   110
       Royal jelly       |       |       |       |     2 ||     2
       Pizza             |       |       |       |     1 ||     1

Vault maps used:
D:1:      eino_arrival_tree_alley, hangedman_decor_clover_reticule,
          xom_teletrap_fun
D:2:      grunt_qazlal_clouds, lemuel_doored_altar, first_bread
D:3:      tso_altar, hangedman_feature_mirror, roderic_greek_sauvastika
D:4:      nicolae_ossuary_entry_ruins, minmay_distorted
D:5:      grunt_temple_overflow_lords_of_destruction, old_standard_altar,
          minmay_temple_entry_purple_smoke
D:6:      fedhas_altar_1, nicolae_dithmenos_through_a_glass_darkly, uniq_edmund,
          uniq_pikel, uniq_duvessa, uniq_eustachio, uniq_blork_the_orc
D:7:      serial_shops, shop_statue, uniq_menkaure
D:8:      dpeg_oklobed_lair, serial_shops, shop
D:9:      grunt_temple_overflow_order_and_chaos_1
D:10:     hangedman_fish_farm
D:11:     serial_ice, serial_ice_n, serial_ice_f, serial_ice_b, serial_ice_l,
          hangedman_decor_lopped, uniq_erica
Temple:   corrupted_temple
Lair:1:   basic_altar, st_stairs_10, grunt_megastairs_4
Lair:2:   beast_lair_carwin_8, infiniplex_staircase_pool
Ossuary:  ossuary_tomb_2

Notes
Turn   | Place    | Note
--------------------------------------------------------------
     0 | D:1      | ventricule the Troll Summoner began the quest for the Orb.
     0 | D:1      | Reached XP level 1. HP: 16/16 MP: 1/1
     8 | D:1      | Reached skill level 1 in Unarmed Combat
    12 | D:1      | Found a shimmering altar of Xom.
    47 | D:1      | Reached XP level 2. HP: 24/24 MP: 2/2
   114 | D:1      | Reached skill level 2 in Unarmed Combat
   576 | D:1      | Reached XP level 3. HP: 31/31 MP: 3/3
   759 | D:1      | Reached skill level 3 in Unarmed Combat
   853 | D:2      | Found a bloodstained altar of Trog.
   890 | D:2      | Reached XP level 4. HP: 30/39 MP: 4/4
  1016 | D:2      | Reached skill level 4 in Unarmed Combat
  1337 | D:2      | Found a stormy altar of Qazlal.
  1927 | D:3      | Reached XP level 5. HP: 36/45 MP: 5/5
  2027 | D:3      | Reached skill level 5 in Unarmed Combat
  2395 | D:3      | Found a glowing golden altar of the Shining One.
  2485 | D:4      | Reached XP level 6. HP: 51/53 MP: 6/6
  2491 | D:4      | Reached skill level 6 in Unarmed Combat
  2617 | D:4      | Found a sand-covered staircase.
  2625 | D:4      | Upgraded the game from 0.17.0-23-g0de4337 to 0.17.0-28-g6e173f8
  2626 | Ossuary  | Entered an ossuary
  2788 | Ossuary  | Reached skill level 7 in Unarmed Combat
  2888 | D:4      | Reached XP level 7. HP: 59/59 MP: 7/7
  3403 | D:5      | Entered Level 5 of the Dungeon
  3438 | D:5      | Found a staircase to the Ecumenical Temple.
  3594 | D:5      | Reached skill level 8 in Unarmed Combat
  3627 | D:5      | Found a sacrificial altar of Ru.
  3675 | D:5      | Got an iridescent great sword
  3676 | D:5      | Identified the +5 great sword of Dust {antimagic, rPois} (You found it on level 5 of the Dungeon)
  3876 | D:5      | Reached skill level 1 in Fighting
  3876 | D:5      | Reached skill level 2 in Dodging
  4120 | D:5      | Found a burning altar of Makhleb.
  4121 | D:5      | Found a radiant altar of Vehumet.
  4156 | D:5      | Reached XP level 8. HP: 56/71 MP: 8/8
  4402 | D:5      | Reached skill level 2 in Fighting
  4708 | D:5      | Reached skill level 3 in Dodging
  5165 | D:6      | Noticed Blork the orc
  5169 | D:6      | Killed Blork the orc
  5190 | D:6      | Reached skill level 9 in Unarmed Combat
  5225 | D:6      | Noticed Edmund
  5241 | D:6      | Killed Edmund
  5241 | D:6      | Reached skill level 3 in Fighting
  5279 | D:6      | Found a blossoming altar of Fedhas.
  5493 | D:6      | Reached skill level 4 in Dodging
  5503 | D:6      | Found a shadowy altar of Dithmenos.
  5558 | D:6      | Noticed Dowan
  5560 | D:6      | Noticed Duvessa
  5571 | D:6      | Killed Duvessa
  5576 | D:6      | Killed Dowan
  5576 | D:6      | Reached XP level 9. HP: 54/84 MP: 9/9
  5735 | Temple   | Entered the Ecumenical Temple
  5837 | D:6      | Noticed Pikel
  5837 | D:6      | Reached skill level 4 in Fighting
  5855 | D:6      | Killed Pikel
  5891 | D:6      | Noticed Eustachio
  5905 | D:6      | Killed Eustachio
  5938 | D:6      | Got a shimmering robe
  5949 | D:6      | Identified the cursed +1 robe of Infinity {rC- Dex+3 SInv} (You found it on level 6 of the Dungeon)
  6070 | D:6      | Reached skill level 5 in Dodging
  6169 | D:7      | Reached skill level 10 in Unarmed Combat
  6261 | D:7      | Reached skill level 5 in Fighting
  6287 | D:7      | Found Arhel's Gadget Shoppe.
  6292 | D:7      | Bought a wand of fire (3) for 168 gold pieces
  6375 | D:7      | Noticed Menkaure
  6382 | D:7      | Killed Menkaure
  6875 | D:7      | Reached XP level 10. HP: 88/98 MP: 10/10
  7073 | D:8      | Reached skill level 6 in Dodging
  7241 | D:8      | Found a staircase to the Lair.
  7539 | D:8      | Found Zipiu's General Store.
  7713 | D:8      | Got a twisted trident
  7714 | D:8      | Identified the +6 trident of Responsibility {freeze, MR+ Int+4} (You found it on level 8 of the Dungeon)
  7804 | D:9      | Reached skill level 1 in Throwing
  7847 | D:9      | Reached skill level 11 in Unarmed Combat
  8020 | D:9      | Reached skill level 2 in Throwing
  8151 | D:9      | Found a glowing silver altar of Zin.
  8151 | D:9      | Found a shimmering altar of Xom.
  8151 | D:9      | Noticed an angel
  8293 | D:9      | Reached skill level 3 in Throwing
  8527 | D:9      | Gained mutation: Your muscles are strong. (Str +2) [potion of beneficial mutation]
  8830 | D:9      | Noticed a hill giant
  8851 | D:9      | Killed a hill giant
  9003 | D:10     | Entered Level 10 of the Dungeon
  9022 | D:10     | Noticed a hill giant
  9037 | D:10     | Killed a hill giant
  9037 | D:10     | Reached skill level 4 in Throwing
  9295 | D:10     | Reached skill level 12 in Unarmed Combat
  9586 | D:10     | Got a wizard robe
  9597 | D:10     | Identified the +0 robe "Zeri" {Int+3} (You found it on level 10 of the Dungeon)
  9651 | D:10     | Reached skill level 5 in Throwing
  9873 | D:10     | Reached XP level 11. HP: 70/105 MP: 11/11
 10296 | D:11     | Noticed Erica
 10304 | D:11     | Killed Erica
 10475 | D:11     | Reached skill level 6 in Throwing
 10536 | D:11     | Noticed a hill giant
 10550 | D:11     | Killed a hill giant
 10858 | Lair:1   | Entered Level 1 of the Lair of Beasts
 10875 | Lair:1   | HP: 8/105 [spiny frog (11)]
 11049 | Lair:1   | Noticed a five-headed hydra
 11208 | Lair:2   | Reached skill level 13 in Unarmed Combat
 11221 | Lair:2   | Reached skill level 7 in Throwing
 11391 | Lair:2   | Noticed a six-headed hydra
 11420 | Lair:2   | HP: 9/105 [six-headed hydra (18)]
 11420 | Lair:2   | HP: 1/105 [six-headed hydra (8)]
 11420 | Lair:2   | Slain by a six-headed hydra

Vanquished Creatures
  Erica (D:11)
  Pikel (D:6)
  3 hill giants
  A cyclops (D:11)
  2 spiny frogs (Lair:1)
  A komodo dragon (Lair:1)
  A merfolk (D:10)
  4 polar bears
  A troll (D:9)
  A two-headed ogre (D:9)
  Eustachio (D:6)
  A wolf (D:11)
  A hungry ghost (D:8)
  Menkaure (D:7)
  Edmund (D:6)
  2 hippogriffs
  Duvessa (D:6)
  2 orc warriors (D:9)
  2 water moccasins
  2 black bears
  6 ice beasts
  2 sky beasts
  A slave (D:6)
  An ogre (D:7)
  3 phantoms
  8 centaurs
  2 big kobolds
  Blork the orc (D:6)
  8 giant frogs
  Dowan (D:6)
  A water moccasin zombie (Ossuary)
  A wyvern skeleton (D:11)
  2 scorpions
  11 killer bees
  6 wights
  3 giant frog zombies
  2 centaur skeletons
  4 crimson imps
  2 giant frog skeletons
  11 orc priests
  5 hounds
  4 iguanas
  6 jellies
  5 orc wizards
  7 worker ants
  3 big kobold zombies (Ossuary)
  3 worker ant zombies
  2 mummies (Ossuary)
  14 adders
  7 gnolls
  3 shadow imps
  A white imp (D:11)
  4 oozes
  An adder skeleton (D:4)
  5 adder zombies
  A worm (D:2)
  6 giant geckos
  39 orcs
  3 bats (D:1)
  5 giant cockroaches
  5 goblins
  5 hobgoblins
  9 jackals
  15 kobolds
  5 quokkas
  A ball python (D:3)
  A giant gecko skeleton (D:7)
  A giant gecko zombie (D:6)
  4 giant newts
  3 gnoll zombies (Ossuary)
  3 hobgoblin zombies (Ossuary)
  A jackal skeleton (D:5)
  2 jackal zombies
  8 kobold zombies (Ossuary)
  5 orc zombies (Ossuary)
  6 rats
  A fungus (D:8)
305 creatures vanquished.

Vanquished Creatures (others)
  A scorpion (D:6)
  An adder (D:6)
2 creatures vanquished.

Grand Total: 307 creatures vanquished
